 Dungeon Crawl Stone Soup version 0.24.0-124-g2791043dd8 (webtiles) character file.

Game seed: 6682658366839217716, levelgen mode: deterministic

229 Martska the Charmwright (level 6, 0/47 HPs)
             Began as a Human Skald on Feb 15, 2020.
             Slain by an iguana (2 damage)
             ... on level 3 of the Dungeon.
             The game lasted 00:12:04 (3686 turns).

Martska the Charmwright (Human Skald)               Turns: 3686, Time: 00:12:05

Health: 0/47       AC:  3    Str: 14    XL:     6   Next: 23%
Magic:  8/9        EV: 12    Int: 13    God:
Gold:   120        SH:  0    Dex: 12    Spells: 4/10 levels left

rFire    . . .     SeeInvis .   a - +0 falchion
rCold    . . .     Gourm    .   (no shield)
rNeg     . . .     Faith    .   b - +0 leather armour
rPois    .         Spirit   .   (no helmet)
rElec    .         Reflect  .   k - scarf {repulsion}
rCorr    .         Harm     .   (no gloves)
MR       +....                  (no boots)
Stlth    +.........             m - amulet of regeneration
HPRegen  0.55/turn              q - ring of protection from magic
MPRegen  0.11/turn              (no ring)

@: lethally poisoned (0 -> -1), repel missiles
A: no striking features
a: no special abilities


You were on level 3 of the Dungeon.
You were not hungry.

You visited 1 branch of the dungeon, and saw 4 of its levels.

You collected 120 gold pieces.

Inventory:

Hand Weapons
 a - a +0 falchion (weapon)
Missiles
 n - 35 stones (quivered)
Armour
 b - a +0 leather armour (worn)
 k - a scarf of repulsion (worn)
Jewellery
 m - an amulet of regeneration (around neck)
 q - a ring of protection from magic (left hand)
Wands
 r - a wand of scattershot (1)
Scrolls
 c - 2 scrolls of enchant weapon {unknown}
 e - a scroll of fear {unknown}
 f - 5 scrolls of identify {unknown}
 g - a scroll of blinking {unknown}
 i - a scroll of remove curse {unknown}
Potions
 h - a potion of lignification {unknown}
 j - a potion of degeneration {unknown}
 l - a potion of haste
 o - 2 potions of heal wounds {unknown}
 p - a potion of berserk rage {unknown}
Comestibles
 d - 4 rations


   Skills:
 * Level 3.4 Fighting
 * Level 3.2 Long Blades
 + Level 2.0 Armour
 + Level 2.5 Dodging
 + Level 2.5 Spellcasting
 + Level 1.2 Hexes
 + Level 3.4 Charms
 + Level 1.1 Translocations


You had 4 spell levels left.
You knew the following spells:

 Your Spells              Type           Power        Failure   Level  Hunger
a - Infusion              Chrm           ##..         7%          1    #......
b - Shroud of Golubria    Chrm/Tloc      #.....       17%         2    ###....
c - Spectral Weapon       Hex/Chrm       #.......     34%         3    ###....

Your spell library contained the following spells:

 Spells                   Type           Power        Failure   Level  Hunger
 Song of Slaying          Chrm           ##......     11%         2    ###....
 Regeneration             Chrm/Necr      #.........   41%         3    ###....


Dungeon Overview and Level Annotations

Branches:
Dungeon (4/15)
 Temple: D:4-7

Altars:


Message History

You barely miss the adder.
The adder is severely wounded.
The adder barely misses you. The iguana closely misses you.
The adder closely misses you. The iguana bites you!
You barely miss the adder.
The adder is severely wounded.
You feel sick. The adder bites you but does no damage.
The iguana closely misses you.
You barely miss the adder.
The adder is severely wounded.
The adder bites you.
* * * LOW HITPOINT WARNING * * *
The iguana bites you!
* * * LOW HITPOINT WARNING * * *
The adder bites you.
* * * LOW HITPOINT WARNING * * *
You barely miss the adder.
The adder is severely wounded.
The adder barely misses you. The iguana bites you.
You die...

#.# #.# ##.##.# #.### #.#
#.##.# รท...# #.# #..#.#
#.#.####.# #..#.# ......##.#
#..#.# #.#.#.##.# #....#######
#.#.#.##.# #..........#
#.#.#.##.######..###...##
#.#.#.##........@S......#
#.#.#.##..#......l..8...#
#...#..............8.8..#
#......#..........8._.8.#
#....#.............8.8..#
#.#.................8...######
#.####.#.....................#
....).....<......#..##.#####.#
#.#........)...........# #.#


You could see an iguana and an adder.

Vanquished Creatures
  A hound (D:3)
  An orc priest (D:3)
  Ijyb (D:3)
  An iguana (D:4)
  3 adders (D:2)
  3 worms
  2 leopard geckos
  6 orcs (D:3)
  5 bats
  19 goblins
  7 hobgoblins
  4 jackals
  6 kobolds
  A quokka (D:2)
  2 ball pythons
  3 frilled lizards
  9 rats
74 creatures vanquished.

Notes
Turn   | Place    | Note
-------+----------+-------------------------------------------
     0 | D:1      | Martska the Human Skald began the quest for the Orb.
     0 | D:1      | Reached XP level 1. HP: 16/16 MP: 3/3
   104 | D:1      | Reached XP level 2. HP: 21/22 MP: 1/5
   290 | D:1      | Reached XP level 3. HP: 28/28 MP: 6/6
   294 | D:1      | Learned a level 2 spell: Shroud of Golubria
   301 | D:1      | Learned a level 3 spell: Spectral Weapon
  1056 | D:2      | Reached XP level 4. HP: 34/34 MP: 5/7
  1633 | D:3      | Found a faded altar of an unknown god.
  1842 | D:3      | Noticed Ijyb
  1986 | D:3      | Reached XP level 5. HP: 41/41 MP: 8/8
  2414 | D:3      | Reached skill level 1 in Hexes
  2892 | D:3      | Reached skill level 1 in Translocations
  2919 | D:4      | Reached XP level 6. HP: 36/47 MP: 3/9
  3648 | D:3      | Killed Ijyb
  3685 | D:3      | HP: 1/47 [adder (4)]
  3686 | D:3      | Slain by an iguana

Levels and vault maps discovered:
D:1:      psy_arrival_basics, layout_rooms, minmay_vboxes
D:2:      layout_loops_ring
D:3:      layout_basic, first_ration, chequers_ecumenical_altar_simple_redux,
          uniq_ijyb
D:4:      layout_gridville, gup_ossuary_entry_pyramid, okawaru_altar_gauntlet_db

Skill      XL: |  1  2  3  4  5  6 |
---------------+-------------------+-----
Fighting       | 3 |  3.4
Hexes          | 1 |  1.2
Long Blades    | 3 |  3.2
Translocations | 1 |  1.1
Armour         | 2 |  2.0
Dodging        | |  2.5
Spellcasting   | |  2.5
Charms         | |  3.4

Action                   |  1- 3 |  4- 6 || total
-------------------------+-------+-------++-------
Melee: Falchion          |    78 |   129 ||   207
 Cast: Infusion          |     4 |    16 ||    20
       Shroud of Golubri |       |     1 ||     1
       Spectral Weapon   |       |     2 ||     2
 Stab: Sleeping          |     1 |       ||     1
  Eat: Chunk             |       |     3 ||     3
       Ration            |       |     2 ||     2
Armor: Leather armour    |    20 |    22 ||    42
Dodge: Dodged            |    69 |   108 ||   177
       Deflected         |       |     2 ||     2
       Rpst.: Falchion   |    22 |    45 ||    67
